 Dungeon Crawl Stone Soup version 0.19.5 (webtiles) character file.

186940 Azzok the Crack Shot (level 17, -14/149 HPs)
             Began as a Minotaur Fighter on July 20, 2017.
             Was the Champion of Okawaru.
             Demolished by a spark wasp (17 damage)
             ... on level 4 of the Spider Nest.
             The game lasted 01:40:51 (41768 turns).

Azzok the Crack Shot (Minotaur Fighter)            Turns: 41768, Time: 01:40:51

Health: -14/149    AC: 33    Str: 18    XL:     17   Next: 86%
Magic:  25/27      EV:  8    Int:  5    God:    Okawaru [******]
Gold:   1699       SH:  0    Dex: 20    Spells: 2 memorised, 13 levels left

rFire  + . .     SeeInvis .     a - +9 longbow (velocity)
rCold  + . .     Gourm    .     j - +7 plate armour of Hepliaklqana's Anger {rPois}
rNeg   . . .     Faith    +     (shield currently unavailable)
rPois  +         Spirit   .     P - +0 hat of Qaxuggal {+Blink MR+++ Str-5 Stlth+} (curse)
rElec  .         Reflect  .     R - +2 cloak {rC+}
rCorr  +         Harm     .     k - +2 pair of gloves
MR     ++++.     Rnd*Rage +     l - +2 pair of boots {Fly}
Stlth  ..........               v - amulet "Rifeside" {Faith Str+3}
                                t - ring of resist corrosion
                                F - ring of protection from fire

@: heroism
A: retaliatory headbutt, horns 2, thin skeletal structure 1, yellow scales 1,
berserk 1, evolution 1
a: Heroism, Finesse, Renounce Religion, Evoke Blink, Evoke Flight


You were on level 4 of the Spider Nest.
You worshipped Okawaru.
Okawaru was exalted by your worship.
You were not hungry.

You visited 6 branches of the dungeon, and saw 31 of its levels.
You also visited: Ice Cave.

You collected 3356 gold pieces.
You spent 1657 gold pieces at shops.

Inventory:

Hand Weapons
 a - a +9 longbow of velocity (weapon)
 b - the +9 long sword of Defence {elec, rElec rC- MP-9 Str+9}
   (You bought it in a shop on level 10 of the Dungeon)

   Occasionally, upon striking a foe, it will discharge some electrical energy
   and cause terrible harm.
   It affects your strength (+9).
   It makes you vulnerable to cold.
   It insulates you from electricity.
   It affects your magic capacity (-9).
 u - the +11 spear of Shrieking Terror {drain, Int+2, unknown}
   (You found it on level 3 of the Spider Nest)

   A truly terrible weapon, it drains the life of those it strikes.
   It affects your intelligence (+2).
 M - a +2 longbow of freezing
Missiles
 y - 607 arrows (quivered)
Armour
 h - a +1 plate armour of cold resistance
 j - the +7 plate armour of Hepliaklqana's Anger (worn) {rPois}
   (You found it on level 13 of the Dungeon)

   It protects you from poison.
 k - a +2 pair of gloves (worn)
 l - a +2 pair of boots of flying (worn)
 P - the cursed +0 hat of Qaxuggal (worn) {+Blink MR+++ Str-5 Stlth+}
   (You found it in an ice cave)

   It affects your strength (-5).
   It affects your resistance to hostile enchantments.
   It lets you blink.
   It makes you more stealthy.
   It has a curse placed upon it.
 R - a +2 cloak of cold resistance (worn)
Jewellery
 q - an uncursed ring of see invisible
 t - a ring of resist corrosion (right hand)
 v - the amulet "Rifeside" (around neck) {Faith Str+3}
   (You took it off a kobold on level 8 of the Dungeon)

   [amulet of faith]

   It allows you to gain divine favour quickly.
   It affects your strength (+3).
 C - an uncursed ring of ice
 F - a ring of protection from fire (left hand)
 S - an uncursed ring of flight
Wands
 r - a wand of digging (10/24)
 z - a wand of digging (11/24)
 G - a wand of heal wounds (5/9)
 Y - a wand of heal wounds (4/9)
Scrolls
 c - 2 scrolls of recharging
 e - 6 scrolls of magic mapping
 m - 10 scrolls of remove curse
 n - 2 scrolls of fog
 p - 3 scrolls of teleportation
 s - 4 scrolls of fear
 w - 5 scrolls of blinking
 A - a scroll of silence
 B - a scroll of immolation
 K - a scroll of enchant armour
Potions
 d - 3 potions of might
 g - 2 potions of cure mutation {!q}
 x - a potion of magic
 I - 3 potions of agility
 J - 2 potions of heal wounds {unknown}
 N - 6 potions of curing
 O - 2 potions of invisibility
 Q - 6 potions of haste {unknown}
 T - a potion of beneficial mutation {unknown}
 V - a potion of flight
 W - a potion of mutation {!q}
 X - 2 potions of ambrosia {unknown}
 Z - a potion of berserk rage
Miscellaneous
 H - a phantom mirror
Comestibles
 f - 18 bread rations {@e1}
 i - 10 meat rations {@e2}
 o - a chunk of flesh {@w0}
 D - a beef jerky
 E - 15 slices of pizza
 U - 13 royal jellies


   Skills:
 - Level 13.1(18.1) Fighting
 - Level 2.4(7.4) Long Blades
 + Level 25.9(27) Bows
 - Level 3.6(8.6) Armour
   Level 3.6(8.6) Shields
 - Level 15.0 Invocations


You had 13 spell levels left.
You knew the following spells:

 Your Spells              Type           Power        Failure   Level  Hunger
a - Song of Slaying       Chrm           #.......     100%        2    ###....
b - Apportation           Tloc           #.........   100%        1    ##.....


Dungeon Overview and Level Annotations

Branches:
Dungeon (15/15)            Temple (1/1) D:5            Lair (6/6) D:8
  Swamp (3/4) Lair:4       Spider (4/4) Lair:4        Slime (0/5) Lair:6
    Orc (2/2) D:10            Elf (0/3) Orc:2        Vaults (0/5) D:13
 Depths (0/5) D:15

Altars:
Ashenzari
Cheibriados
Dithmenos
Elyvilon
Fedhas
Gozag
Hepliaklqana
Kikubaaqudgha
Makhleb
Nemelex Xobeh
Okawaru
Qazlal
Ru
Sif Muna
Trog
Uskayaw
Vehumet
Xom
Yredelemnul
Zin
The Shining One
Lugonu

Shops:
D:6 =   D:10 (   Orc:1 [   Orc:2 [:(:*

Annotations:
D:6 exclusion: door
D:8 exclusion: statue
D:9 1 runed door


Innate Abilities, Weirdness & Mutations

You reflexively headbutt those who attack you in melee.
You have a pair of horns on your head.
You have a somewhat thin skeletal structure. (Dex +2, Stealth)
You are partially covered in yellow scales. (AC +2)
You tend to lose your temper in combat.
You evolve.


Message History

You destroy the spectral wolf spider!
Okawaru accepts your kill.
The wolf spider moves out of view.
The spark wasp stings you!
* * * LOW HITPOINT WARNING * * *
The spark wasp shocks you!
* * * LOW HITPOINT WARNING * * *
The spectral jumping spider pounces on you but does no damage.
The spectral jumping spider barely misses you.
A hornet comes into view.
You take 33 damage, and have 18/149 hp.
MASSIVE DAMAGE!!
Firing (i - inventory):
y - 607 arrows (quivered)
Press: ? - help, Shift-Dir - straight line, f - spark wasp
Aim: a spark wasp
Okay, then.
You gain the combat prowess of a mighty hero.
The hornet buzzes angrily.
The spark wasp stings you!
* * * LOW HITPOINT WARNING * * *
The spark wasp shocks you!
You die...

▒▒≈···▒ ▒≈≈···▒
▒≈≈≈·▒▒ ▒≈(≈≈·▒
▒·≈≈≈·▒ y
▒▒▒▒▒▒▒)≈▒≈≈▒
s(Z≈···^···≈≈≈▒
(≈≈≈·▒y·······▒
▒(··((@·····(▒
·(·†?·Z······▒▒
·········▒····▒
▒▒▒▒▒▒▒▒▒▒▒▒▒▒▒


You could see a spark wasp, a spectral hornet, a spectral jumping spider, a
hornet and a jumping spider.

Vanquished Creatures
  A tentacled monstrosity (Swamp:1)
  An Ice Fiend (IceCv)
  Frances (D:12)
  Kirke (Swamp:3)
  Gastronok (D:12)
  6 thorn hunters
  5 emperor scorpions
  3 orc warlords
  Aizul (Swamp:1)
  7 entropy weavers
  A dire elephant (D:15)
  2 spark wasps
  Snorg (Lair:3)
  A fire dragon (D:15)
  The ghost of Azzok the Fighter, a journeyman MiFi of Okawaru (D:10)
  5 vault guards (D:13)
  A catoblepas (Lair:5)
  10 hydras
  4 centaur warriors
  5 alligators
  The ghost of Azzok the Fighter, a novice MiFi of Okawaru (D:8)
  8 spriggans
  A flayed ghost (D:15)
  4 unseen horrors
  2 wizards (D:13)
  3 shambling mangroves
  A swamp dragon (Swamp:1)
  A lindwurm (shapeshifter) (D:15)
  2 spectral wolf spiders (Spider:4)
  4 hill giants
  5 orc knights
  2 oklob plants (Swamp:2)
  3 ugly things
  11 orb spiders
  5 manticores
  3 orc sorcerers
  2 wolf spider zombies (D:14)
  3 cyclopes
  18 wolf spiders
  2 moths of wrath
  Joseph (D:8)
  6 elephants (Lair:6)
  5 ice statues
  4 centaur zombies
  2 torpor snails (Spider:1)
  2 gargoyles (D:13)
  4 centaur skeletons
  8 black mambas
  20 spiny frogs
  A yaktaur (D:13)
  5 freezing wraiths
  3 komodo dragons
  6 demonic crawlers
  5 anaconda simulacra (IceCv)
  4 ice devils (IceCv)
  A tengu conjurer (D:15)
  A jumping spider (shapeshifter) (D:13)
  22 hornets
  6 tyrant leeches
  9 polar bears (Lair:6)
  29 jumping spiders
  2 spectral jumping spiders (Spider:4)
  8 trolls
  5 two-headed ogres
  Prince Ribbit (D:8)
  18 slime creatures
  3 bog bodies
  Grinder (D:5)
  10 dream sheep (Lair:6)
  8 blink frogs
  3 raiju (Lair:6)
  A meliai zombie (D:15)
  8 hippogriffs
  A wraith (D:15)
  3 centaur simulacra
  81 redbacks
  A vampire (D:15)
  A dire elephant simulacrum (IceCv)
  6 shadows
  30 tarantellas
  4 wyverns
  34 yaks
  4 basilisks
  A human (D:7)
  2 hungry ghosts
  4 hogs (D:7)
  25 vampire mosquitoes
  A steam dragon (D:8)
  13 insubstantial wisps
  An iron troll simulacrum (IceCv)
  Edmund (D:5)
  3 harpy simulacra (IceCv)
  2 soldier ants
  A mottled dragon (D:13)
  19 swamp worms
  5 hydra simulacra (IceCv)
  11 wargs
  16 water moccasins
  8 porcupines
  5 hell hounds (Lair:6)
  A spectral hornet (Spider:4)
  18 ice beasts
  47 orc warriors
  7 swamp drakes
  4 sky beasts
  2 necrophages
  19 ogres
  16 black bears
  An eye of draining (D:11)
  16 wolves
  25 centaurs
  4 phantoms
  5 big kobolds
  17 crocodiles
  12 bullfrogs
  3 gnoll sergeants (D:10)
  4 scorpions
  2 wyvern skeletons
  12 killer bees
  A swamp dragon simulacrum (IceCv)
  6 howler monkeys
  8 crimson imps
  2 bullfrog zombies (D:12)
  4 draconian simulacra (IceCv)
  7 jellies
  3 quasits
  A gnoll shaman (D:8)
  20 hounds
  28 orc wizards
  18 orc priests
  2 bullfrog skeletons
  7 iguanas
  3 polar bear simulacra (IceCv)
  A troll simulacrum (IceCv)
  4 hell rats (Lair:5)
  A spriggan simulacrum (IceCv)
  10 worker ants
  A wolf simulacrum (IceCv)
  A hound zombie (D:5)
  A hound skeleton (D:4)
  A worker ant zombie (D:11)
  Robin (D:2)
  16 gnolls
  An ogre simulacrum (IceCv)
  13 adders
  4 naga simulacra (IceCv)
  A river rat (Lair:5)
  5 shadow imps
  4 white imps (IceCv)
  3 ufetubi (IceCv)
  An ooze (D:3)
  An adder skeleton (D:8)
  3 worms
  2 dart slugs
  7 leopard geckos
  87 orcs
  14 bats
  4 giant cockroaches
  16 goblins
  7 hobgoblins
  6 jackals
  6 quokkas
  4 frilled lizards
  14 kobolds
  A quokka skeleton (D:9)
  14 rats
  A fungus (D:3)
  4 plants
1219 creatures vanquished.

Vanquished Creatures (others)
  A tyrant leech (Swamp:1)
  3 humans (Swamp:3)
  5 white imps (IceCv)
  5 ufetubi (IceCv)
  14 fungi
  15 plants
43 creatures vanquished.

Grand Total: 1262 creatures vanquished

Notes
Turn   | Place    | Note
-------+----------+-------------------------------------------
     0 | D:1      | Azzok the Minotaur Fighter began the quest for the Orb.
     0 | D:1      | Reached XP level 1. HP: 19/19 MP: 0/0
   159 | D:1      | Reached XP level 2. HP: 23/28 MP: 1/1
   723 | D:2      | Reached skill level 5 in Fighting
   826 | D:2      | Reached XP level 3. HP: 36/36 MP: 2/2
   896 | D:2      | Noticed Robin
   908 | D:2      | Killed Robin
  1121 | D:2      | Found a burning altar of Makhleb.
  1121 | D:2      | Found a shimmering altar of Xom.
  1170 | D:2      | Found a shimmering altar of Xom.
  1220 | D:2      | Found a shimmering altar of Xom.
  1221 | D:2      | Found a shimmering altar of Xom.
  1412 | D:2      | Reached XP level 4. HP: 22/44 MP: 3/3
  1424 | D:2      | HP: 2/44 [gnoll/spear (2)]
  1689 | D:2      | Found a basalt altar of Yredelemnul.
  1690 | D:2      | Found a sparkling altar of Nemelex Xobeh.
  1692 | D:2      | Found an opulent altar of Gozag.
  1697 | D:2      | Found a sacrificial altar of Ru.
  1931 | D:3      | Found a hide-covered altar of Uskayaw.
  1931 | D:3      | Noticed a dagger
  1931 | D:3      | Noticed a dagger
  2237 | D:3      | Reached XP level 5. HP: 45/52 MP: 4/4
  2563 | D:3      | Found a blossoming altar of Fedhas.
  2922 | D:4      | Noticed an ogre
  2929 | D:4      | Killed an ogre
  2929 | D:4      | Reached XP level 6. HP: 43/61 MP: 5/5
  3316 | D:4      | Reached XP level 7. HP: 37/71 MP: 6/6
  3535 | D:4      | Reached skill level 10 in Fighting
  4125 | D:5      | Entered Level 5 of the Dungeon
  4324 | D:5      | Noticed Grinder
  4335 | D:5      | Killed Grinder
  4335 | D:5      | Reached XP level 8. HP: 66/83 MP: 4/7
  4479 | D:5      | Noticed Edmund
  4491 | D:5      | Killed Edmund
  4618 | D:5      | Found a deep blue altar of Sif Muna.
  4634 | D:5      | Found a staircase to the Ecumenical Temple.
  4641 | Temple   | Entered the Ecumenical Temple
  4656 | Temple   | Became a worshipper of Warmaster Okawaru
  4909 | D:6      | Found Xenkiuc's Jewellery Shop.
  4976 | D:6      | Reached skill level 1 in Invocations
  5383 | D:6      | Reached * piety under Okawaru
  5731 | D:7      | Found a shadowy altar of Dithmenos.
  5732 | D:7      | Found a glowing golden altar of the Shining One.
  5823 | D:7      | Reached XP level 9. HP: 76/93 MP: 7/10
  5887 | D:7      | Reached skill level 1 in Bows
  5899 | D:7      | Reached skill level 2 in Bows
  5907 | D:7      | Reached skill level 3 in Bows
  5907 | D:7      | Reached skill level 5 in Invocations
  5930 | D:7      | Reached ** piety under Okawaru
  6166 | D:7      | Reached skill level 4 in Bows
  6259 | D:7      | Found a hazy altar of Hepliaklqana.
  6412 | D:7      | Reached skill level 5 in Bows
  6739 | D:8      | Noticed Azzok's ghost (novice MiFi)
  6741 | D:8      | Noticed Joseph
  6945 | D:8      | Found a stormy altar of Qazlal.
  6948 | D:8      | Noticed Prince Ribbit
  7058 | D:7      | Reached skill level 6 in Bows
  7310 | D:8      | Killed Prince Ribbit
  7310 | D:8      | Reached *** piety under Okawaru
  7310 | D:8      | Reached XP level 10. HP: 81/101 MP: 11/14
  7758 | D:8      | Killed Azzok's ghost
  7758 | D:8      | Reached skill level 7 in Bows
  7828 | D:8      | Killed Joseph
  7828 | D:8      | Received a gift from Okawaru
  7953 | D:8      | Found a shattered altar of Ashenzari.
  7969 | D:8      | Reached skill level 8 in Bows
  8005 | D:8      | Found a staircase to the Lair.
  8258 | D:8      | Got a translucent zirconium amulet
  8309 | D:8      | Found a radiant altar of Vehumet.
  8484 | D:8      | Identified the amulet "Rifeside" {Faith Str+3} (You took it off a kobold on level 8 of the Dungeon)
  8533 | D:9      | Reached **** piety under Okawaru
  8802 | D:9      | Found a runed door.
  8802 | D:9      | Noticed an angel
  8803 | D:9      | Found a glowing silver altar of Zin.
  8890 | D:9      | Reached skill level 9 in Bows
  9286 | D:9      | Found a snail-covered altar of Cheibriados.
  9376 | D:10     | Entered Level 10 of the Dungeon
  9409 | D:10     | Reached ***** piety under Okawaru
  9413 | D:10     | Noticed a hill giant
  9425 | D:10     | Killed a hill giant
  9425 | D:10     | Received a gift from Okawaru
  9425 | D:10     | Reached XP level 11. HP: 39/107 MP: 17/17
  9700 | D:10     | Noticed Azzok's ghost (journeyman MiFi)
  9744 | D:10     | Killed Azzok's ghost
  9744 | D:10     | Reached skill level 10 in Invocations
 10424 | D:10     | Reached skill level 10 in Bows
 10524 | D:10     | Received a gift from Okawaru
 10672 | D:10     | Paralysed by a hornet for 3 turns
 10992 | D:10     | Found a staircase to the Orcish Mines.
 11229 | D:10     | Found a shimmering altar of Xom.
 11288 | D:10     | Found a shadowy altar of Dithmenos.
 11372 | D:10     | Found Ogiuc's Antique Weapon Emporium.
 11375 | D:10     | Bought a slimy falchion for 248 gold pieces
 11375 | D:10     | Bought an encrusted long sword for 263 gold pieces
 11375 | D:10     | Identified the +9 long sword of Defence {elec, rElec rC- MP-9 Str+9} (You bought it in a shop on level 10 of the Dungeon)
 11376 | D:10     | Identified the +8 falchion "Kej Udah" {pain, Int-2 Dex+8 Stlth+} (You bought it in a shop on level 10 of the Dungeon)
 11514 | D:10     | Received a gift from Okawaru
 11519 | D:10     | Got a crystal rapier {god gift}
 11520 | D:10     | Identified the +1 rapier of Pride {freeze, +Rage Str+2 Dex+2} (Okawaru gifted it to you on level 10 of the Dungeon)
 11732 | D:11     | Reached skill level 11 in Bows
 11913 | D:11     | Noticed a five-headed hydra
 11914 | D:11     | Noticed a brown ugly thing
 11937 | D:11     | Killed a five-headed hydra
 12257 | D:11     | Found an opulent altar of Gozag.
 12266 | D:11     | Received a gift from Okawaru
 12285 | D:11     | Noticed a green ugly thing
 12285 | D:11     | Received a gift from Okawaru
 12307 | D:11     | Killed a green ugly thing
 12316 | D:11     | Killed a brown ugly thing
 12445 | D:11     | Received a gift from Okawaru
 12795 | D:11     | Reached XP level 12. HP: 115/115 MP: 10/19
 12822 | D:11     | Reached skill level 12 in Bows
 13973 | D:12     | Paralysed by a hornet for 3 turns
 14547 | D:12     | Gained mutation: Your body sometimes deteriorates upon taking damage. [mutagenic meat]
 14548 | D:12     | Gained mutation: Your body often deteriorates upon taking damage. [mutagenic meat]
 14549 | D:12     | Gained mutation: You tend to lose your temper in combat. [mutagenic meat]
 14550 | D:12     | Gained mutation: Your spells are a little easier to cast, but a little less powerful. [mutagenic meat]
 14591 | D:12     | Noticed Frances
 14602 | D:12     | Killed Frances
 14602 | D:12     | Reached ****** piety under Okawaru
 14602 | D:12     | Reached skill level 13 in Bows
 15014 | D:12     | Noticed Gastronok
 15028 | D:12     | Killed Gastronok
 15028 | D:12     | Received a gift from Okawaru
 15572 | D:12     | Lost mutation: Your spells are a little easier to cast, but a little less powerful. [mutagenic meat]
 15574 | D:12     | Gained mutation: You are clumsy. (Dex -2) [mutagenic meat]
 15575 | D:12     | Lost mutation: You tend to lose your temper in combat. [mutagenic meat]
 15576 | D:12     | Lost mutation: Your body often deteriorates upon taking damage. [mutagenic meat]
 15577 | D:12     | Gained mutation: You evolve. [mutagenic meat]
 15666 | D:12     | Noticed a centaur warrior
 15675 | D:12     | Killed a centaur warrior
 15985 | D:13     | Gained mutation: You have a somewhat thin skeletal structure. (Dex +2, Stealth) [potion of mutation]
 15985 | D:13     | Gained mutation: Your spells are a little harder to cast, but a little more powerful. [potion of mutation]
 15985 | D:13     | Gained mutation: You are partially covered in yellow scales. (AC +2) [potion of mutation]
 16011 | D:13     | Reached skill level 14 in Bows
 16038 | D:13     | Received a gift from Okawaru
 16038 | D:13     | Reached XP level 13. HP: 122/122 MP: 13/22
 16052 | D:13     | Got a polished longbow {god gift}
 16058 | D:13     | Identified the +2 longbow of Autotheism {speed, Int+5 Dex+3} (Okawaru gifted it to you on level 13 of the Dungeon)
 17186 | D:13     | Received a gift from Okawaru
 17190 | D:13     | Got an ivory executioner's axe {god gift}
 17208 | D:13     | Gained mutation: Armour fits poorly on your strangely shaped body. [mutagenic meat]
 17209 | D:13     | Lost mutation: You are clumsy. (Dex -2) [mutagenic meat]
 17231 | D:13     | HP: 4/122 [centaur warrior/arrow (6)]
 17637 | D:13     | Identified the +9 executioner's axe of Sute {pain, Dex+2} (Okawaru gifted it to you on level 13 of the Dungeon)
 17926 | D:13     | Got an ichor-stained plate armour
 17937 | D:13     | Identified the +7 plate armour of Hepliaklqana's Anger {rPois} (You found it on level 13 of the Dungeon)
 18037 | D:13     | Reached skill level 15 in Bows
 18124 | D:13     | Lost mutation: Armour fits poorly on your strangely shaped body. [evolution]
 18334 | D:9      | Received a gift from Okawaru
 18363 | Lair:1   | Entered Level 1 of the Lair of Beasts
 19312 | Lair:2   | Received a gift from Okawaru
 20207 | Lair:3   | Reached skill level 15 in Invocations
 20610 | Lair:3   | Noticed Snorg
 20616 | Lair:3   | Killed Snorg
 20969 | Lair:3   | Received a gift from Okawaru
 20993 | Lair:3   | Reached skill level 16 in Bows
 21309 | Lair:4   | Reached XP level 14. HP: 129/129 MP: 24/24
 21312 | Lair:4   | Received a gift from Okawaru
 21316 | Lair:4   | Got a pair of faintly glowing boots {god gift}
 21325 | Lair:4   | Identified the -2 pair of boots of Biovic {rN+ MP+9} (Okawaru gifted it to you on level 4 of the Lair of Beasts)
 21472 | Lair:4   | Found a hole to the Spider Nest.
 21615 | Lair:4   | Found a staircase to the Swamp.
 22163 | Lair:4   | Lost mutation: Your body sometimes deteriorates upon taking damage. [evolution]
 22916 | Lair:5   | Reached skill level 17 in Bows
 23344 | Lair:6   | Entered Level 6 of the Lair of Beasts
 23835 | Lair:6   | Found a staircase to the Slime Pits.
 24115 | Lair:6   | Received a gift from Okawaru
 24251 | Lair:6   | Reached skill level 18 in Bows
 25260 | Orc:1    | Entered Level 1 of the Orcish Mines
 25260 | Orc:1    | Noticed an orc warlord
 25260 | Orc:1    | Noticed an orc warlord
 25434 | D:10     | Killed an orc warlord
 25434 | D:10     | Received a gift from Okawaru
 25434 | D:10     | Reached skill level 19 in Bows
 25480 | D:10     | Received a gift from Okawaru
 25661 | D:10     | Killed an orc warlord
 25750 | Orc:1    | Received a gift from Okawaru
 25818 | Orc:2    | Entered Level 2 of the Orcish Mines
 26041 | Orc:2    | Reached XP level 15. HP: 135/135 MP: 25/25
 26200 | Orc:2    | Found Ecvetuv's Antique Armour Emporium.
 26243 | Orc:1    | Noticed an orc warlord
 26262 | Orc:2    | Killed an orc warlord
 26472 | Orc:1    | Found Tulu's Antique Armour Emporium.
 27217 | Orc:2    | Found a staircase to the Elven Halls.
 27339 | Orc:2    | Found Veheotuf's Book Boutique.
 27339 | Orc:2    | Found Olosaore's Weapon Shoppe.
 27341 | Orc:2    | Found Naurun's Book Emporium.
 27344 | Orc:2    | Found Deczennol's General Store.
 27355 | Orc:2    | Bought a potion of lignification for 45 gold pieces
 27494 | Orc:2    | Bought a pair of embroidered boots for 409 gold pieces
 27494 | Orc:2    | Bought a runed cloak for 409 gold pieces
 27560 | Orc:1    | Bought a pair of runed gloves for 283 gold pieces
 27765 | D:13     | Reached skill level 20 in Bows
 27941 | D:13     | Found a gate to the Vaults.
 28319 | D:14     | Received a gift from Okawaru
 28332 | D:14     | Got an encrusted longbow {god gift}
 28423 | D:14     | Identified the +8 longbow of the Wheel {speed, rPois rF+ Dex-2 SInv} (Okawaru gifted it to you on level 14 of the Dungeon)
 28665 | D:15     | Entered Level 15 of the Dungeon
 29185 | D:15     | Reached skill level 21 in Bows
 29193 | D:15     | Received a gift from Okawaru
 29587 | D:15     | Found a staircase to the Depths.
 30180 | Lair:1   | Learned a level 2 spell: Song of Slaying
 30254 | Swamp:1  | Entered Level 1 of the Swamp
 30261 | Swamp:1  | Noticed Aizul
 30283 | Swamp:1  | Killed Aizul
 30832 | Swamp:1  | Noticed a thorn hunter
 30849 | Swamp:1  | Killed a thorn hunter
 31616 | Swamp:1  | Found a runed door.
 31616 | Swamp:1  | Noticed a tentacled monstrosity
 31675 | Swamp:1  | Lost mutation: Your spells are a little harder to cast, but a little more powerful. [evolution]
 31809 | Swamp:1  | Reached XP level 16. HP: 143/143 MP: 26/26
 32052 | Swamp:1  | Killed a tentacled monstrosity
 32052 | Swamp:1  | Received a gift from Okawaru
 32052 | Swamp:1  | Reached skill level 22 in Bows
 32209 | Swamp:2  | Found a frozen archway.
 32232 | IceCv    | Entered an ice cave
 32989 | IceCv    | Noticed an Ice Fiend
 33018 | IceCv    | Killed an Ice Fiend
 33021 | IceCv    | Received a gift from Okawaru
 33262 | IceCv    | Got a scorched hat
 33275 | IceCv    | Identified the cursed +0 hat of Qaxuggal {+Blink MR+++ Str-5 Stlth+} (You found it in an ice cave)
 34220 | Swamp:2  | Noticed a thorn hunter
 34227 | Swamp:2  | Killed a thorn hunter
 34236 | Swamp:2  | Received a gift from Okawaru
 34236 | Swamp:2  | Reached skill level 23 in Bows
 34318 | Swamp:2  | Noticed a thorn hunter
 34324 | Swamp:2  | Killed a thorn hunter
 34731 | Swamp:2  | Noticed a thorn hunter
 34748 | Swamp:2  | Killed a thorn hunter
 35025 | Swamp:3  | Noticed a thorn hunter
 35030 | Swamp:3  | Killed a thorn hunter
 35166 | Swamp:3  | Noticed a thorn hunter
 35171 | Swamp:3  | Killed a thorn hunter
 35517 | Swamp:3  | Noticed Kirke
 35524 | Swamp:3  | Killed Kirke
 35535 | Swamp:3  | Received a gift from Okawaru
 35868 | Spider:1 | Entered Level 1 of the Spider Nest
 36076 | Spider:1 | Received a gift from Okawaru
 36280 | Spider:1 | Reached skill level 24 in Bows
 36448 | Spider:1 | Identified 2 scrolls of acquirement
 36523 | Spider:1 | Reached XP level 17. HP: 146/149 MP: 27/27
 37266 | Spider:2 | Received a gift from Okawaru
 37272 | Spider:2 | Got a smoking longbow {god gift}
 37447 | Spider:2 | Identified the +8 longbow "Titeas" {velocity, *Corrode rElec rPois Int+4} (Okawaru gifted it to you on level 2 of the Spider Nest)
 38703 | Spider:3 | Received a gift from Okawaru
 39011 | Spider:3 | Got an ancient spear
 39025 | Spider:3 | Received a gift from Okawaru
 39570 | Spider:3 | Reached skill level 25 in Bows
 40221 | Spider:3 | Learned a level 1 spell: Apportation
 40426 | Spider:4 | Entered Level 4 of the Spider Nest
 40806 | Spider:4 | Paralysed by a hornet for 1 turns
 41038 | Spider:4 | Gained mutation: You tend to lose your temper in combat. [evolution]
 41405 | Spider:4 | Received a gift from Okawaru
 41768 | Spider:4 | HP: 3/149 [spark wasp (15)]
 41768 | Spider:4 | Demolished by a spark wasp

Skill      XL: |  1  2  3  4  5  6  7  8  9 10 11 12 13 14 15 16 17 |
---------------+----------------------------------------------------+-----
Fighting       | 4 5 6 7 8 9 11 13 | 13.1
Invocations    | 3 7 9 11 13 15 | 15.0
Bows           | 6 9 11 14 16 19 21 24 25 | 25.9
Long Blades    | |  2.4
Armour         | |  3.6
Shields        | |  3.6

Action                   |  1- 3 |  4- 6 |  7- 9 | 10-12 | 13-15 | 16-18 || total
-------------------------+-------+-------+-------+-------+-------+-------++-------
Melee: Long sword        |    94 |       |       |   310 |    13 |       ||   417
       Headbutt          |    11 |    25 |    82 |   222 |     4 |       ||   344
       Short sword       |    15 |    31 |    18 |    61 |       |       ||   125
       Whip              |       |   118 |   299 |   364 |       |       ||   781
 Fire: Longbow           |       |       |       |       |  1561 |  1114 ||  2675
Invok: Heroism           |       |       |       |     7 |       |     3 ||    10
       Finesse           |       |       |       |     1 |       |     2 ||     3
 Abil: Stop Flying       |       |       |       |       |     3 |     3 ||     6
       Evoke Flight      |       |       |       |       |     2 |       ||     2
  Use: Scroll            |       |       |     3 |    17 |    19 |    10 ||    49
       Potion            |       |       |       |     7 |     1 |     3 ||    11
  Eat: Chunk             |     1 |     7 |    13 |    34 |    46 |    18 ||   119
       Fruit             |       |       |       |     4 |       |     8 ||    12
       Beef jerky        |       |       |       |     1 |     3 |     3 ||     7
Armor: Scale mail        |    47 |    50 |   111 |       |       |       ||   208
       Plate armour      |       |       |    46 |   520 |   501 |   382 ||  1449
Dodge: Dodged            |    31 |    37 |    86 |   146 |   195 |    80 ||   575
Block: Shield            |    70 |    65 |   168 |   434 |    17 |       ||   754
       Rpst.: Long sword |     5 |       |       |    18 |     1 |       ||    24
